cohdb
Replays
Latest Replays
All Replays
Popular Replays
Top Player Replays
Match Explorer
How It Works
Community
CoH3 Stats
Reddit
Sign in to upload your games and track your stats! →
Sign in with Steam
Match 41381078
Unlisted
Match 41381078
Overview
Messages
Build Orders
End
Panzergrenadier Squad
250 Light Carrier
Panzergrenadier Squad
Construct Light Support Kompanie
Combat Half-tracks
Selects Panzerjäger Kommand Battlegroup
Selects Tank Busters
Selects Mine Fields
Construct Mechanized Kompanie
254 Reconnaissance Tractor
Vehicle Survival Package
Panzerjäger Mechanized Group
Support Armor Elements
StuG III D Assault Gun
Emergency Repair Kits
Selects Defensive Positions
Selects Butterfly Bomb Drop
Rapid Advance
Marder III Tank Destroyer
StuG III D Assault Gun
Tungsten Core Ammunition
Luminescence
Yaas
Tawny Owl
Razpent
Hometown
tur.de.mikle
0
0
Comments
sign in to comment!
No comments posted yet!